 Dungeon Crawl Stone Soup version 0.18.1-50-g88ac8fd (webtiles) character file.

163 Gargoyl the Distorting Demonspawn (level 5, 0/42 HPs)
             Began as a Demonspawn Abyssal Knight on Oct 18, 2016.
             Was a Believer of Lugonu.
             Succumbed to an orc wizard's poison
             ... on level 3 of the Dungeon.
             The game lasted 00:04:26 (1706 turns).

Gargoyl the Distorting Demonspawn (DsAK)            Turns: 1706, Time: 00:04:26

Health: 0/42       AC: 12    Str: 18    XL:     5   Next: 20%
Magic:  6/8        EV:  8    Int: 14    God:    Lugonu [**....]
Gold:   80         SH:  9    Dex: 12    Spells: 0 memorised, 4 levels left

rFire  + . .     SeeInvis .     a - +2 hand axe
rCold  . . .     Gourm    .     n - +0 ring mail
rNeg   + . .     Faith    .     e - +1 shield {rF+}
rPois  .         Spirit   .     (helmet restricted)
rElec  .         Dismiss  .     d - +4 cloak "Testrota" {rN+ MR+ Regen+}
rCorr  .         Reflect  .     v - +0 pair of gloves
SustAt .         Harm     .     (no boots)
MR     +....                    (no amulet)
Stlth  +.........               (no ring)
                                i - +5 ring of strength

@: lethally poisoned (0 -> -7), somewhat resistant to hostile enchantments, very
unstealthy
A: horns 1, molten scales 1, spiny 1
a: Depart the Abyss, Bend Space, Renounce Religion


You were on level 3 of the Dungeon.
You worshipped Lugonu.
Lugonu was pleased with you.
You were not hungry.

You visited 1 branch of the dungeon, and saw 3 of its levels.
You visited the Abyss 1 time.

You collected 80 gold pieces.

Inventory:

Hand Weapons
 a - a +2 hand axe (weapon)
Missiles
 r - 4 javelins of returning (quivered)
Armour
 d - the +4 cloak "Testrota" (worn) {rN+ MR+ Regen+}
   (You found it on level 2 of the Abyss)

   It protects you from negative energy.
   It affects your resistance to hostile enchantments.
   It increases your rate of regeneration.
 e - a +1 shield of fire resistance (worn)
 n - a +0 ring mail (worn)
 v - a +0 pair of gloves (worn)
Jewellery
 i - a +5 ring of strength (left hand)
Wands
 o - a wand of flame (25/48)
Scrolls
 h - a scroll of remove curse
 k - a scroll of teleportation
 l - 2 scrolls of identify
 p - a scroll of magic mapping {unknown}
Potions
 f - a potion of brilliance {unknown}
 g - a potion of cancellation {unknown}
 m - a potion of berserk rage {unknown}
 q - a potion of agility {unknown}
 s - a potion of degeneration {unknown}
 t - a potion of heal wounds {unknown}
Comestibles
 b - a meat ration
 c - 3 bread rations
 j - 2 chunks of flesh


   Skills:
 + Level 3.7 Fighting
 + Level 2.3 Axes
 * Level 2.6 Armour
 + Level 1.6 Dodging
 + Level 1.4 Shields
 * Level 4.0 Invocations


You had 4 spell levels left.
You didn't know any spells.

Dungeon Overview and Level Annotations

Branches:
Dungeon (3/15)

Altars:
Ashenzari
Gozag
Kikubaaqudgha
Qazlal
Yredelemnul


Innate Abilities, Weirdness & Mutations

You have a pair of small horns on your head.
You are partially covered in molten scales (AC +1).
You are partially covered in sharp spines.


Message History

You hit the orc.
You kill the orc!
Lugonu accepts your kill.
You feel sick. The orc priest hits you with a club.
Unknown command.
You barely miss the orc priest. You headbutt the orc priest.
The orc priest is heavily wounded.
You feel very sick. You block the orc priest's attack.
Unknown command.
You hit the orc priest.
The orc priest is almost dead.
You feel sick.
The orc priest invokes the aid of Beogh against you.
Pain shoots through your body!
* * * LOW HITPOINT WARNING * * *
Unknown command.
You barely miss the orc priest.
The orc priest is almost dead.
You die...

## . {# ## .##.#
....# ###...## .#
#@og...# .#
#)#.##.>######.#
#...##.........#
#.####.........##
#.####..........
##.............#
#..#####......<#
#.## #.......#
#.# #.......#


You could see an orc priest and a hobgoblin.

Vanquished Creatures
  Ijyb (D:2)
  An orc wizard (D:3)
  4 adders
  2 worms
  A dart slug (D:1)
  2 giant geckos
  3 orcs (D:3)
  8 bats
  A giant cockroach (D:1)
  5 goblins
  7 hobgoblins
  4 jackals (D:1)
  2 quokkas (D:2)
  A ball python (D:1)
  3 giant newts
  4 kobolds
  2 rats
  A spectral orc (D:3)
52 creatures vanquished.

Vanquished Creatures (others)
  Jessica (D:2)
1 creature vanquished.

Grand Total: 53 creatures vanquished

Notes
Turn   | Place    | Note
--------------------------------------------------------------
     0 | Abyss:1  | Gargoyl the Demonspawn Abyssal Knight began the quest for the Orb.
     0 | Abyss:1  | Reached XP level 1. HP: 18/18 MP: 2/2
    10 | Abyss:1  | Noticed a ynoxinul
    15 | Abyss:2  | Got a scorched cloak
    21 | Abyss:2  | Identified the +4 cloak "Testrota" {rN+ MR+ Regen+} (You found it on level 2 of the Abyss)
    72 | Abyss:3  | Noticed a blizzard demon
    72 | D:1      | Escaped the Abyss
    97 | D:1      | Reached skill level 1 in Dodging
   162 | D:1      | Found a shattered altar of Ashenzari.
   171 | D:1      | Reached * piety under Lugonu
   228 | D:1      | Gained mutation: You have a pair of small horns on your head. [demonic ancestry]
   228 | D:1      | Reached XP level 2. HP: 24/24 MP: 4/4
   701 | D:2      | Reached skill level 3 in Invocations
   734 | D:2      | Found a stormy altar of Qazlal.
   736 | D:2      | Noticed Ijyb
   739 | D:2      | Noticed Jessica
   745 | D:2      | Killed Jessica
   745 | D:2      | Reached XP level 3. HP: 28/29 MP: 5/5
   751 | D:2      | Killed Ijyb
   751 | D:2      | Reached skill level 1 in Shields
   756 | D:2      | Gained mutation: You are partially covered in molten scales (AC +1). [demonic ancestry]
   756 | D:2      | Reached XP level 4. HP: 36/36 MP: 6/6
   784 | D:2      | Found an ancient bone altar of Kikubaaqudgha.
   975 | D:2      | Reached ** piety under Lugonu
  1005 | D:2      | Found an opulent altar of Gozag.
  1537 | D:3      | Found a basalt altar of Yredelemnul.
  1702 | D:3      | Reached skill level 4 in Invocations
  1702 | D:3      | Gained mutation: You are partially covered in sharp spines. [demonic ancestry]
  1702 | D:3      | Reached XP level 5. HP: 22/42 MP: 6/8
  1705 | D:3      | HP: 1/42 [orc priest/nerve-wracking pain (12)]
  1706 | D:3      | Succumbed to an orc wizard's poison

Skill      XL: |  1  2  3  4 |
---------------+-------------+-----
Dodging        | 1 |  1.6
Invocations    | 3 4 |  4.0
Armour         | 2 |  2.6
Axes           | 2 |  2.3
Shields        | 1 |  1.4
Fighting       | |  3.7

Action                   |  1- 3 |  4- 6 || total
-------------------------+-------+-------++-------
Melee: Hand axe          |    68 |    99 ||   167
       Headbutt          |    12 |    19 ||    31
Invok: Depart the Abyss  |     1 |       ||     1
  Use: Scroll            |       |     7 ||     7
  Eat: Chunk             |       |     3 ||     3
Armor: Leather armour    |    28 |       ||    28
       Ring mail         |    11 |    39 ||    50
Dodge: Dodged            |    36 |    38 ||    74
Block: Shield            |    31 |    54 ||    85
